 Dungeon Crawl Stone Soup version 0.17-a0-1900-g45e8110 (webtiles) character file.

124 derrpe the Vexing (level 5, 0/37 HPs)
             Began as a Formicid Arcane Marksman on Sept 24, 2015.
             Slain by a giant cockroach (1 damage)
             ... on level 3 of the Dungeon.
             The game lasted 00:07:18 (3313 turns).

derrpe the Vexing (Formicid Arcane Marksman)        Turns: 3313, Time: 00:07:18

Health: 0/37       AC:  4    Str: 15    XL:     5   Next: 30%
Magic:  6/6        EV: 11    Int: 13    God:
Gold:   233        SH:  0    Dex: 11    Spells: 2 memorised, 3 levels left

rFire  . . .     SeeInvis +     b - +0 short sword
rCold  . . .     Clarity  .     o - +0 leather armour
rNeg   . . .     SustAt   .     (no shield)
rPois  .         Gourm    .     (helmet unavailable)
rElec  .         Spirit   .     i - +0 cloak
rCorr  .         Warding  .     (no gloves)
rMut   .         Stasis   +     (no boots)
MR     .....                    (no amulet)
Stlth  +.........               (no ring)
                                (no ring)

@: not resistant to hostile enchantments, very unstealthy
A: permanent stasis, dig shafts and tunnels, four strong arms, antennae 3
a: Dig, Shaft Self


You were on level 3 of the Dungeon.
You were not hungry.

You visited 1 branch of the dungeon, and saw 3 of its levels.

You collected 233 gold pieces.

Inventory:

Hand weapons
 a - a +0 hand crossbow
 b - a +0 short sword (weapon)
Missiles
 j - 2 bolts
Armour
 i - a +0 cloak (worn)
 o - a +0 leather armour (worn)
Scrolls
 c - a scroll of fog {unknown}
 f - a scroll of enchant armour {unknown}
 h - 3 scrolls of identify
 k - 4 scrolls of magic mapping
 l - a scroll of teleportation {unknown}
 m - a scroll of blinking {unknown}
 p - a scroll of random uselessness {unknown}
 q - a scroll of enchant weapon {unknown}
 t - a scroll of noise {unknown}
 v - a scroll of immolation {unknown}
Potions
 n - 2 potions of curing
 u - a potion of brilliance
Books
 d - a book of Debilitation

   Spells                             Type                      Level
   a - Corona                         Hexes                        1
   b - Slow                           Hexes                        2
   c - Gell's Gravitas                Hexes/Translocation          3
   d - Inner Flame                    Hexes/Fire                   3
   e - Cause Fear                     Hexes                        4
   f - Leda's Liquefaction            Hexes/Earth                  4
Comestibles
 e - 3 bread rations {@e1}
 g - a beef jerky
 r - a chunk of flesh {@w0}


   Skills:
 - Level 1.1 Fighting
 + Level 4.4 Crossbows
 - Level 1.7 Dodging
 - Level 1.1 Spellcasting
 + Level 4.6 Hexes


You had 3 spell levels left.
You knew the following spells:

 Your Spells              Type           Power        Failure   Level  Hunger
a - Corona                Hex            ##.....      8%          1    ##.....
b - Slow                  Hex            ##......     10%         2    ###....


Dungeon Overview and Level Annotations

Branches:
Dungeon (3/15)

Altars:

Portals:
Sewer: D:3


Innate Abilities, Weirdness & Mutations

You are under a permanent stasis effect.
You can dig through walls and to a lower floor.
Your four strong arms can wield two-handed weapons with a shield.
You have a pair of large antennae on your head (SInv).


Message History

The hobgoblin hits you with a club.
* * * LOW HITPOINT WARNING * * *
The giant cockroach splashes around in the water.
The giant cockroach barely misses you.
Your unstable footing causes you to fumble your attack.
The hobgoblin hits you but does no damage.
The giant cockroach bites you but does no damage.
The giant cockroach closely misses you.
You hit the giant cockroach but do no damage.
The giant cockroach is heavily wounded.
The giant cockroach splashes around in the water.
The hobgoblin splashes around in the water.
The giant cockroach closely misses you. The giant cockroach bites you.
* * * LOW HITPOINT WARNING * * *
You hit the giant cockroach.
The giant cockroach is severely wounded.
The giant cockroach closely misses you. The hobgoblin hits you with a club.
* * * LOW HITPOINT WARNING * * *
The giant cockroach bites you.
You die...

.#*** .# .# .# .# .# .#
.#######################
..........##.≈≈≈@≈≈≈≈≈.#*
.............≈≈gss≈≈≈≈..*
..#######.##.≈≈≈≈≈≈≈≈≈..*
..# #...###########.* .##
#..## **,* ## #..# *,,* #
#..# **{** # #..# *,,* #
#..#*********,**


You could see 2 giant cockroaches and a hobgoblin.

Vanquished Creatures
  4 adders
  3 oozes
  A worm (D:3)
  5 orcs (D:3)
  3 ball pythons
  3 giant cockroaches
  3 hobgoblins (D:1)
  5 jackals
  4 kobolds
  8 bats
  5 giant geckos
  2 giant newts (D:2)
  10 goblins
  A quokka (D:2)
  6 rats
63 creatures vanquished.

Notes
Turn   | Place    | Note
--------------------------------------------------------------
     0 | D:1      | derrpe the Formicid Arcane Marksman began the quest for the Orb.
     0 | D:1      | Reached XP level 1. HP: 15/15 MP: 2/2
   275 | D:1      | Reached XP level 2. HP: 16/21 MP: 3/3
   547 | D:1      | Learned a level 2 spell: Slow
   934 | D:1      | Reached XP level 3. HP: 16/26 MP: 4/4
  1944 | D:2      | Reached XP level 4. HP: 8/32 MP: 3/5
  2327 | D:2      | Reached skill level 4 in Crossbows
  3127 | D:3      | Reached XP level 5. HP: 34/37 MP: 6/6
  3286 | D:3      | Found a glowing drain.
  3313 | D:3      | HP: 1/37 [hobgoblin/club (3)]
  3313 | D:3      | Slain by a giant cockroach

Vault maps used:
D:1:      dpeg_arrival_brainrot, minmay_distorted
D:2:      first_bread
D:3:      nemelex_xobeh_ov_fountains_minmay, portal_sewer_entry_f,
          hangedman_glass_teeth

Action                   |  1- 3 |  4- 6 || total
-------------------------+-------+-------++-------
Melee: Unarmed           |    10 |       ||    10
       Short sword       |    96 |    83 ||   179
       Club              |    13 |       ||    13
 Fire: Hand crossbow     |    23 |    31 ||    54
 Cast: Slow              |     1 |     4 ||     5
  Use: Potion            |       |     4 ||     4
       Scroll            |       |     2 ||     2
  Eat: Chunk             |     2 |     6 ||     8
